 Dungeon Crawl Stone Soup version 0.28.0-62-gf88900778d (webtiles) character file.

Game seed: 15550948923393628791

577 cbfl8 the Chopper (level 7, -6/61 HPs)
             Began as a Minotaur Berserker on Nov 4, 2023.
             Was a Believer of Trog.
             Mangled by an orc warrior
             ... wielding a +0 scimitar
              (19 damage)
             ... on level 4 of the Dungeon.
             The game lasted 00:02:29 (3783 turns).

cbfl8 the Chopper (Minotaur Berserker)              Turns: 3783, Time: 00:02:29

Health: -6/61      AC:  4    Str: 21    XL:     7   Next: 13%
Magic:  6/6        EV: 12    Int:  4    God:    Trog [**....]
Gold:   256        SH:  0    Dex: 12    Spells: 6/6 levels left

rFire   . . .      SeeInvis .   a - +0 hand axe
rCold   . . .      Faith    .   (no shield)
rNeg    . . .      Spirit   .   b - +0 animal skin
rPois   .          Reflect  .   (helmet restricted)
rElec   .          Harm     .   (no cloak)
rCorr   .          Rampage  .   f - +0 pair of gloves
Will    .....                   e - +0 pair of boots
Stlth   +.........              (no amulet)
HPRegen 0.20/turn               (no ring)
MPRegen 0.10/turn               (no ring)

@: on berserk cooldown, slowed, very slow
A: horns 2, retaliatory headbutt
a: Renounce Religion, Berserk, Trog's Hand


You were on level 4 of the Dungeon.
You worshipped Trog.
Trog was pleased with you.
You visited 1 branch of the dungeon, and saw 4 of its levels.

You collected 256 gold pieces.

Inventory:

Hand Weapons
 a - a +0 hand axe (weapon)
Armour
 b - a +0 animal skin (worn)
 e - a +0 pair of boots (worn)
 f - a +0 pair of gloves (worn)
Scrolls
 d - a scroll of enchant armour
Potions
 c - a potion of cancellation {unknown}
 g - a potion of mutation
 h - a potion of might {unknown}


   Skills:
 + Level 5.6 Fighting
 + Level 7.8 Axes
 + Level 2.7 Armour
 - Level 2.3 Dodging
 * Level 2.6 Evocations


You had 6 spell levels left.
You didn't know any spells.
Your spell library was empty.

Dungeon Overview and Level Annotations

Branches:
Dungeon (4/15)
 Temple: D:4-7

Altars:
Cheibriados
Fedhas
Gozag
Nemelex Xobeh
Qazlal
Ru
Sif Muna
Trog
Uskayaw
Vehumet


Innate Abilities, Weirdness & Mutations

You have a pair of horns on your head.
You reflexively headbutt those who attack you in melee.


Message History

Your headbutt misses the orc warrior.
The orc warrior is lightly wounded.
The orc warrior barely misses you.
You hit the orc warrior but do no damage.
Your headbutt misses the orc warrior.
The orc warrior is lightly wounded.
You hit the orc but do no damage. The orc barely misses you.
You furiously retaliate!
You headbutt the orc!
You kill the orc!
Trog accepts your kill.
The orc warrior hits you with a +0 scimitar!
You barely miss the orc warrior.
The orc warrior is lightly wounded.
The orc warrior hits you with a +0 scimitar!
Unknown command.
You are too injured to fight recklessly!
Unknown command.
A red film seems to cover your vision as you go berserk!
You feel yourself moving faster!
You feel mighty!
The orc warrior hits you with a +0 scimitar!
* * * LOW HITPOINT WARNING * * *
You hit the orc warrior but do no damage.
The orc warrior is lightly wounded.
You barely miss the orc warrior.
The orc warrior is lightly wounded.
The orc warrior hits you with a +0 scimitar!
* * * LOW HITPOINT WARNING * * *
You barely miss the orc warrior. Your headbutt misses the orc warrior.
The orc warrior is lightly wounded.
The orc warrior hits you with a +0 scimitar.
* * * LOW HITPOINT WARNING * * *
You feel a strong urge to attack something.
You feel your anger nearly subside.
You are no longer berserk.
You are exhausted.
You feel yourself slow down.
Okay, then.
You feel better.
Okay, then.
The orc warrior hits you with a +0 scimitar!!
You die...

##....(.........#
##..#...##.#####.#
...#..#.##.# #.#
.##..#..##.### #.#
...............#.#
######.###.#####.#
###...# #.# #.#
#...### #.# #.#
#.### #.# #@# #.#
#o# #.# #.# #.#
#.# #.# # #.# #.#
#.#.# ##.#######
#...#
...............))#
##)###.##.######.#


You could see an orc warrior.

Vanquished Creatures
  Pikel (D:3)
  A lemure (D:3)
  Robin (D:2)
  4 gnolls (D:2)
  3 adders (D:2)
  A dart slug (D:4)
  9 orcs
  5 ball pythons
  9 bats
  5 endoplasms
  A giant cockroach (D:1)
  7 hobgoblins
  4 jackals (D:1)
  2 quokkas
  2 frilled lizards
  14 goblins
  A rat (D:1)
70 creatures vanquished.

Notes
Turn   | Place    | Note
-------+----------+-------------------------------------------
     0 | D:1      | cbfl8 the Minotaur Berserker began the quest for the Orb.
     0 | D:1      | Reached XP level 1. HP: 19/19 MP: 0/0
    67 | D:1      | Reached XP level 2. HP: 17/27 MP: 1/1
   347 | D:1      | Reached skill level 4 in Axes
  1127 | D:2      | Reached XP level 3. HP: 14/33 MP: 2/2
  1319 | D:2      | Reached ** piety under Trog
  1636 | D:2      | Reached XP level 4. HP: 35/41 MP: 3/3
  1637 | D:2      | Reached skill level 1 in Evocations
  1813 | D:2      | Noticed Robin
  1820 | D:2      | Reached skill level 5 in Axes
  1824 | D:2      | Killed Robin
  2551 | D:3      | Found a hide-covered altar of Uskayaw.
  2551 | D:3      | Found an opulent altar of Gozag.
  2551 | D:3      | Found a sacrificial altar of Ru.
  2607 | D:3      | Found a radiant altar of Vehumet.
  2610 | D:3      | Found a shimmering blue altar of Sif Muna.
  2612 | D:3      | Found a blossoming altar of Fedhas.
  2616 | D:3      | Found a snail-covered altar of Cheibriados.
  2617 | D:3      | Found a bloodstained altar of Trog.
  2683 | D:3      | Found a stormy altar of Qazlal.
  2696 | D:3      | Reached XP level 5. HP: 47/47 MP: 4/4
  3499 | D:4      | Noticed Pikel
  3499 | D:4      | Noticed a lemure
  3499 | D:4      | Noticed a lemure
  3499 | D:4      | Noticed a lemure
  3499 | D:4      | Noticed a lemure
  3505 | D:3      | Killed a lemure
  3508 | D:3      | Killed Pikel
  3509 | D:3      | Reached skill level 5 in Fighting
  3509 | D:3      | Reached skill level 7 in Axes
  3509 | D:3      | Reached XP level 6. HP: 56/56 MP: 5/5
  3509 | D:3      | Reached XP level 7. HP: 61/61 MP: 6/6
  3698 | D:4      | Found a sparkling altar of Nemelex Xobeh.
  3776 | D:4      | HP: 2/91 [orc warrior/+0 scimitar (6)]
  3783 | D:4      | Mangled by an orc warrior

Illustrated notes

Levels and vault maps discovered:
D:1:      lightli_arrival_noodles, layout_basic, chequers_serial_rivers_large_a
D:2:      layout_loops_corners, minmay_misc_feat_more_columns, uniq_robin
D:3:      layout_basic, nicolae_overflow_hallway_of_the_gods,
          general_overflow_altar
D:4:      layout_rooms, lemuel_doored_altar, nemelex_dance_club_becter,
          ebering_ghost_rock_garden, uniq_pikel

Skill      XL: |  1  2  3  4  5 |
---------------+----------------+-----
Axes           | 4 5 7 |  7.8
Fighting       | 4 5 |  5.6
Evocations     | 1 2 |  2.6
Armour         | |  2.7
Dodging        | |  2.3

Action                   |  1- 3 |  4- 6 |  7- 9 || total
-------------------------+-------+-------+-------++-------
Melee: Hand axe          |    65 |    60 |    17 ||   142
       Headbutt          |     4 |    14 |     2 ||    20
Invok: Berserk           |       |     2 |     1 ||     3
  Use: Scroll            |       |     3 |       ||     3
       Potion            |       |       |     1 ||     1
 Stab: Distracted        |       |       |     1 ||     1
Armor: Animal skin       |    16 |    14 |     1 ||    31
Dodge: Dodged            |    56 |    46 |    10 ||   112
